TOP OF THE 1ST |
Houston Hammertime batting - Pitching for District 9 Prawns : RHP Isaac Pope
|
Pitching: RHP Isaac Pope
|
|
Batting: RHB Jorge Barbosa
|
0-0: Called Strike 0-1: Ball 1-1: Foul Ball, location: 2F 1-2: Strikes out looking
|
Batting: RHB Santo Cruz
|
0-0: Called Strike 0-1: Ball 1-1: Ball 2-1: Ball 3-1: Base on Balls
|
Batting: LHB Francisco Cardenas
|
0-0: Ball 1-0: Called Strike 1-1: Foul Ball, location: 2F 1-2: Hit by Pitch Santo Cruz to second
|
Batting: LHB Marcos Cantú
|
0-0: Ball Santo Cruz steals 3rd base Francisco Cardenas to second 1-0: Called Strike 1-1: Ball 2-1: Called Strike 2-2: Fly out, F8 (Flyball, 8RXD) Runner from 3rd tags up, SCORES, no throw Francisco Cardenas to third
|
Batting: RHB José García
|
0-0: Called Strike 0-1: Ground out 5-3 (Groundball, 5)
|
Top of the 1st over - 1 run, 0 hits, 0 errors, 1 left on base; Houston 1 - District 9 0 |
BOTTOM OF THE 1ST |
District 9 Prawns batting - Pitching for Houston Hammertime : RHP Aaron Green
|
Pitching: RHP Aaron Green
|
|
Batting: SHB Júlio Macías
|
0-0: Ball 1-0: Ball 2-0: Foul Ball, location: 2F 2-1: Ball 3-1: Called Strike 3-2: Base on Balls
|
Batting: RHB José Colón
|
0-0: Foul Ball, location: 2F 0-1: Ball 1-1: Ball 2-1: SINGLE (Groundball, 6MD) Júlio Macías to second
|
Batting: LHB Terry Simpson
|
0-0: Called Strike 0-1: Swinging Strike 0-2: Strikes out swinging
|
Batting: LHB Mike Davis
|
0-0: Ball 1-0: Ball 2-0: Ball 3-0: Hit by Pitch Júlio Macías to third José Colón to second
|
Pinch Runner at 1st Brady McIntyre:
|
|
Batting: LHB Jeff Doss
|
0-0: Called Strike 0-1: Fly out, F7 (Flyball, 78S) Runner from 3rd tags up, SCORES, no throw
|
Batting: LHB Manuel Cardenas
|
0-0: Ball 1-0: Foul Ball, location: 2F 1-1: Called Strike 1-2: Strikes out swinging
|
Bottom of the 1st over - 1 run, 1 hit, 0 errors, 2 left on base; Houston 1 - District 9 1 |
TOP OF THE 2ND |
Houston Hammertime batting - Pitching for District 9 Prawns : RHP Isaac Pope
|
Batting: LHB Dave Gordon
|
0-0: Ball 1-0: Ball 2-0: SINGLE (Groundball, 6MD)
|
Batting: SHB Glenn Vadnais
|
0-0: Fielders Choice at 2nd, 1-6 (Groundball, 13)
|
Batting: RHB Juan Carlos
|
0-0: Ball 1-0: Foul Ball, location: 2F 1-1: Swinging Strike 1-2: Fly out, F7 (Flyball, 78D)
|
Batting: RHB Raúl Salas
|
0-0: Ball Glenn Vadnais is caught stealing 2nd base
|
Top of the 2nd over - 0 runs, 1 hit, 0 errors, 0 left on base; Houston 1 - District 9 1 |
BOTTOM OF THE 2ND |
District 9 Prawns batting - Pitching for Houston Hammertime : RHP Aaron Green
|
Batting: LHB António Romo
|
0-0: Ball 1-0: Foul Ball, location: 2F 1-1: Fly out, F9 (Flyball, 9LSF)
|
Batting: LHB Jeff Thompson
|
0-0: Foul Ball, location: 2F 0-1: Swinging Strike 0-2: Strikes out swinging
|
Batting: RHB Alfredo Rangel
|
0-0: Called Strike 0-1: Swinging Strike 0-2: Foul Ball, location: 2F 0-2: Ball 1-2: Ball 2-2: Strikes out looking
|
Bottom of the 2nd over - 0 runs, 0 hits, 0 errors, 0 left on base; Houston 1 - District 9 1 |
TOP OF THE 3RD |
Houston Hammertime batting - Pitching for District 9 Prawns : RHP Isaac Pope
|
Batting: RHB Raúl Salas
|
0-0: Called Strike 0-1: Called Strike 0-2: Strikes out swinging
|
Batting: RHB Jorge Barbosa
|
0-0: SINGLE (Groundball, 6MD)
|
Batting: RHB Santo Cruz
|
0-0: Ball 1-0: Called Strike 1-1: Foul Ball, location: 2F 1-2: Ball 2-2: Fielders Choice at 2nd, 6-4 (Groundball, 6)
|
Batting: LHB Francisco Cardenas
|
0-0: Fielders Choice at 2nd, 5-4 (Groundball, 56)
|
Top of the 3rd over - 0 runs, 1 hit, 0 errors, 1 left on base; Houston 1 - District 9 1 |
BOTTOM OF THE 3RD |
District 9 Prawns batting - Pitching for Houston Hammertime : RHP Aaron Green
|
Batting: SHB Júlio Macías
|
0-0: Ball 1-0: Ball 2-0: Foul Ball, location: 2F 2-1: Foul Ball, location: 2F 2-2: Fly out, F7 (Flyball, 7)
|
Batting: RHB José Colón
|
0-0: Ball 1-0: Swinging Strike 1-1: Ball 2-1: Foul Ball, location: 2F 2-2: Strikes out swinging
|
Batting: LHB Terry Simpson
|
0-0: Called Strike 0-1: Ball 1-1: Ground out U3 (Groundball, 3)
|
Bottom of the 3rd over - 0 runs, 0 hits, 0 errors, 0 left on base; Houston 1 - District 9 1 |
TOP OF THE 4TH |
Houston Hammertime batting - Pitching for District 9 Prawns : RHP Isaac Pope
|
Batting: LHB Marcos Cantú
|
0-0: SOLO HOME RUN (Flyball, 9LD), Distance : 370 ft
|
Batting: RHB José García
|
0-0: SINGLE (Line Drive, 9LM)
|
Batting: LHB Dave Gordon
|
0-0: Ball 1-0: Ball 2-0: Foul Ball, location: 2F 2-1: Ball 3-1: Base on Balls José García to second
|
Batting: SHB Glenn Vadnais
|
0-0: Fly out, F7 (Flyball, 7LS)
|
Batting: RHB Juan Carlos
|
0-0: SINGLE (Groundball, 56D) José García to third Dave Gordon to second Runner from 3rd tries for Home, throw and OUT! Dave Gordon to third Juan Carlos to second
|
Batting: RHB Raúl Salas
|
0-0: Ground out 6-3 (Groundball, 6S)
|
Top of the 4th over - 1 run, 3 hits, 0 errors, 2 left on base; Houston 2 - District 9 1 |
BOTTOM OF THE 4TH |
District 9 Prawns batting - Pitching for Houston Hammertime : RHP Aaron Green
|
Batting: RHB Brady McIntyre
|
0-0: Ball 1-0: Called Strike 1-1: Ball 2-1: Ball 3-1: SINGLE (Flyball, 7S)
|
Batting: LHB Jeff Doss
|
0-0: Swinging Strike 0-1: Ball 1-1: Ball 2-1: Foul Ball, location: 2F 2-2: Ball 3-2: Strikes out swinging
|
Batting: LHB Manuel Cardenas
|
0-0: Foul Ball, location: 2F 0-1: Called Strike 0-2: Foul Ball, location: 2F 0-2: Fielders Choice at 2nd, 1-6 (Groundball, 13S)
|
Batting: LHB António Romo
|
0-0: Ball 1-0: Fly out, F7 (Flyball, 7)
|
Bottom of the 4th over - 0 runs, 1 hit, 0 errors, 1 left on base; Houston 2 - District 9 1 |
TOP OF THE 5TH |
Houston Hammertime batting - Pitching for District 9 Prawns : RHP Isaac Pope
|
Batting: RHB Jorge Barbosa
|
0-0: Ball 1-0: Called Strike 1-1: Ground out 5-3 (Groundball, 56)
|
Batting: RHB Santo Cruz
|
0-0: Called Strike 0-1: Ball 1-1: Swinging Strike 1-2: Foul Ball, location: 2F 1-2: Ball 2-2: Strikes out looking
|
Batting: LHB Francisco Cardenas
|
0-0: Ball 1-0: Ball 2-0: Ball 3-0: Called Strike 3-1: Base on Balls
|
Batting: LHB Marcos Cantú
|
0-0: Swinging Strike 0-1: Fly out, F8 (Flyball, 78D)
|
Top of the 5th over - 0 runs, 0 hits, 0 errors, 1 left on base; Houston 2 - District 9 1 |
BOTTOM OF THE 5TH |
District 9 Prawns batting - Pitching for Houston Hammertime : RHP Aaron Green
|
Batting: LHB Jeff Thompson
|
0-0: Swinging Strike 0-1: Ball 1-1: Ball 2-1: Swinging Strike 2-2: SINGLE (Flyball, 9S)
|
Batting: RHB Alfredo Rangel
|
0-0: Ball 1-0: SINGLE (Line Drive, 89M) Jeff Thompson to second
|
Batting: SHB Júlio Macías
|
0-0: Foul Ball, location: 2F 0-1: Ball 1-1: SINGLE (Groundball, 4MS) (infield hit) Jeff Thompson to third Alfredo Rangel to second
|
Batting: RHB José Colón
|
0-0: Ball 1-0: Ball 2-0: Foul Ball, location: 2F 2-1: Grounds into double play, 1-2-3 (Groundball, 13) Alfredo Rangel to third Júlio Macías to second
|
Batting: LHB Terry Simpson
|
0-0: SINGLE (Groundball, 4MD) Alfredo Rangel scores Júlio Macías to third Runner from 3rd tries for Home, SAFE, no throw
|
Batting: RHB Brady McIntyre
|
0-0: Called Strike 0-1: Ball 1-1: Ball 2-1: Ball 3-1: Fielders Choice at 2nd, 6-4 (Groundball, 6)
|
Bottom of the 5th over - 2 runs, 4 hits, 0 errors, 1 left on base; Houston 2 - District 9 3 |
TOP OF THE 6TH |
Houston Hammertime batting - Pitching for District 9 Prawns : RHP Isaac Pope
|
Batting: RHB José García
|
0-0: Called Strike 0-1: SINGLE (Line Drive, 7LS)
|
Batting: LHB Dave Gordon
|
0-0: 2-RUN HOME RUN (Flyball, 9LD), Distance : 372 ft
|
Batting: SHB Glenn Vadnais
|
0-0: Called Strike 0-1: SINGLE (Flyball, 8LS)
|
Batting: RHB Juan Carlos
|
0-0: Ball 1-0: Grounds into double play, 6-4-3 (Groundball, 6)
|
Batting: RHB Raúl Salas
|
0-0: Foul Ball, location: 2F 0-1: Called Strike 0-2: Strikes out swinging
|
Top of the 6th over - 2 runs, 3 hits, 0 errors, 0 left on base; Houston 4 - District 9 3 |
BOTTOM OF THE 6TH |
District 9 Prawns batting - Pitching for Houston Hammertime : RHP Aaron Green
|
Batting: LHB Jeff Doss
|
0-0: Called Strike 0-1: Foul Ball, location: 2F 0-2: Ball 1-2: Ball 2-2: Strikes out swinging
|
Batting: LHB Manuel Cardenas
|
0-0: Swinging Strike 0-1: Ball 1-1: Ball 2-1: Ball 3-1: Base on Balls
|
Batting: LHB António Romo
|
0-0: Swinging Strike 0-1: Called Strike 0-2: Fly out, F4 (Line Drive, 4)
|
Batting: LHB Jeff Thompson
|
0-0: Fly out, F8 (Flyball, 8RD)
|
Bottom of the 6th over - 0 runs, 0 hits, 0 errors, 1 left on base; Houston 4 - District 9 3 |
TOP OF THE 7TH |
Houston Hammertime batting - Pitching for District 9 Prawns : RHP Isaac Pope
|
Batting: RHB Jorge Barbosa
|
0-0: Ball 1-0: SINGLE (Groundball, 4MD)
|
Batting: RHB Santo Cruz
|
0-0: Sac Bunt - play at first, batter OUT! 2-4 Jorge Barbosa to second
|
Batting: LHB Francisco Cardenas
|
0-0: Ball 1-0: Called Strike 1-1: Ball 2-1: Ball 3-1: Base on Balls
|
Batting: LHB Marcos Cantú
|
0-0: Foul Ball, location: 2F 0-1: Fly out, F7 (Flyball, 7D)
|
Batting: RHB José García
|
0-0: Ground out 4-3 (Groundball, 4)
|
Top of the 7th over - 0 runs, 1 hit, 0 errors, 2 left on base; Houston 4 - District 9 3 |
BOTTOM OF THE 7TH |
District 9 Prawns batting - Pitching for Houston Hammertime : RHP Aaron Green
|
Batting: RHB Alfredo Rangel
|
0-0: Foul Ball, location: 2F 0-1: Fly out, F7 (Flyball, 7)
|
Pitching: LHP Mark Stewart
|
|
Batting: SHB Júlio Macías
|
0-0: Called Strike 0-1: Called Strike 0-2: Ball 1-2: Ground out 5-3 (Groundball, 5)
|
Batting: RHB José Colón
|
0-0: SINGLE (Line Drive, 7S)
|
Batting: LHB Terry Simpson
|
0-0: Called Strike 0-1: Foul Ball, location: 2F 0-2: Ball 1-2: Strikes out swinging
|
Bottom of the 7th over - 0 runs, 1 hit, 0 errors, 1 left on base; Houston 4 - District 9 3 |
TOP OF THE 8TH |
Houston Hammertime batting - Pitching for District 9 Prawns : RHP Isaac Pope
|
Batting: LHB Dave Gordon
|
0-0: Foul Ball, location: 2F 0-1: Foul Ball, location: 2F 0-2: Ball 1-2: Ball 2-2: Fly out, F8 (Flyball, 8RS)
|
Batting: SHB Glenn Vadnais
|
0-0: Ball 1-0: Ball 2-0: Ball 3-0: Base on Balls
|
Batting: RHB Juan Carlos
|
0-0: Called Strike 0-1: Called Strike 0-2: Ball 1-2: SINGLE (Groundball, 6) (infield hit) Glenn Vadnais to second
|
Pitching: RHP Mike Stabler
|
|
Batting: RHB Raúl Salas
|
0-0: Grounds into double play, 1-6-3 (Groundball, P)
|
Top of the 8th over - 0 runs, 1 hit, 0 errors, 1 left on base; Houston 4 - District 9 3 |
BOTTOM OF THE 8TH |
District 9 Prawns batting - Pitching for Houston Hammertime : LHP Mark Stewart
|
Batting: RHB Brady McIntyre
|
0-0: Called Strike 0-1: Called Strike 0-2: SINGLE (Flyball, 8RM)
|
Pitching: LHP Francisco Pérez
|
|
Batting: LHB Jeff Doss
|
0-0: Called Strike 0-1: Foul Ball, location: 2F 0-2: Strikes out swinging
|
Pinch Hitting: RHB Doug O'Brien
|
0-0: Ball 1-0: Foul Ball, location: 2F 1-1: Foul Ball, location: 2F 1-2: Ball 2-2: Strikes out swinging
|
Batting: LHB António Romo
|
0-0: Swinging Strike 0-1: SINGLE (Groundball, 34D) Brady McIntyre to second Runner from 2nd tries for 3rd, OUT!
|
Bottom of the 8th over - 0 runs, 2 hits, 0 errors, 1 left on base; Houston 4 - District 9 3 |
TOP OF THE 9TH |
Houston Hammertime batting - Pitching for District 9 Prawns : RHP Mike Stabler
|
Pitching: RHP Eddie Huber
|
|
Now at 3B: Jeff Stevenson
|
|
Batting: RHB Jorge Barbosa
|
0-0: Ball 1-0: Foul Ball, location: 2F 1-1: Ball 2-1: Ground out 6-3 (Groundball, 6D)
|
Batting: RHB Santo Cruz
|
0-0: Swinging Strike 0-1: Swinging Strike 0-2: Ball 1-2: Strikes out swinging
|
Batting: LHB Francisco Cardenas
|
0-0: Called Strike 0-1: Foul Ball, location: 2F 0-2: Foul Ball, location: 2F 0-2: Ground out 5-3 (Groundball, 56D)
|
Top of the 9th over - 0 runs, 0 hits, 0 errors, 0 left on base; Houston 4 - District 9 3 |
BOTTOM OF THE 9TH |
District 9 Prawns batting - Pitching for Houston Hammertime : LHP Francisco Pérez
|
Pitching: RHP Lewis Sweeney
|
|
Batting: LHB Jeff Thompson
|
0-0: Ball 1-0: Swinging Strike 1-1: Foul Ball, location: 2F 1-2: Strikes out swinging
|
Pinch Hitting: LHB Leonard Young
|
0-0: Ball Error on foul ball, E3 1-1: Called Strike 1-2: Foul Ball, location: 2F 1-2: Strikes out looking
|
Batting: SHB Júlio Macías
|
0-0: Ball 1-0: Called Strike 1-1: Ball 2-1: Ball 3-1: Base on Balls
|
Batting: RHB José Colón
|
0-0: Ball 1-0: Ball 2-0: Called Strike 2-1: SINGLE (Groundball, 56D) Júlio Macías to second Runner from 2nd tries for 3rd, SAFE, no throw
|
Batting: LHB Terry Simpson
|
0-0: Called Strike 0-1: DOUBLE (Line Drive, 9D) Júlio Macías scores José Colón to third
|
Batting: RHB Brady McIntyre
|
0-0: Ball 1-0: Ball 2-0: Foul Ball, location: 2F 2-1: Fly out, F8 (Flyball, 8LXD)
|
Bottom of the 9th over - 1 run, 2 hits, 1 error, 2 left on base; Houston 4 - District 9 4 |
TOP OF THE 10TH |
Houston Hammertime batting - Pitching for District 9 Prawns : RHP Eddie Huber
|
Now at 2B: Donnie Cunningham
|
|
Batting: LHB Marcos Cantú
|
0-0: Called Strike 0-1: Foul Ball, location: 2F 0-2: Ball 1-2: Ball 2-2: Ball 3-2: SOLO HOME RUN (Flyball, 9D), Distance : 381 ft
|
Batting: RHB José García
|
0-0: Called Strike 0-1: Ball 1-1: Ball 2-1: Called Strike 2-2: Strikes out swinging
|
Batting: LHB Dave Gordon
|
0-0: Called Strike 0-1: Ball 1-1: Called Strike 1-2: Ground out 5-3 (Groundball, 56)
|
Batting: SHB Glenn Vadnais
|
0-0: Called Strike 0-1: Ball 1-1: SOLO HOME RUN (Flyball, 7LD), Distance : 355 ft
|
Batting: RHB Juan Carlos
|
0-0: Ball 1-0: Swinging Strike 1-1: SINGLE (Groundball, 6S) (infield hit)
|
Batting: RHB Raúl Salas
|
0-0: Ball Juan Carlos steals 2nd base 1-0: Foul Ball, location: 2F 1-1: Ball 2-1: Foul Ball, location: 2F 2-2: Ball 3-2: Fly out, F8 (Flyball, 8RS)
|
Top of the 10th over - 2 runs, 3 hits, 0 errors, 1 left on base; Houston 6 - District 9 4 |
BOTTOM OF THE 10TH |
District 9 Prawns batting - Pitching for Houston Hammertime : RHP Lewis Sweeney
|
Batting: LHB Jeff Doss
|
0-0: Foul Ball, location: 2F 0-1: Swinging Strike 0-2: Strikes out swinging
|
Batting: RHB Jeff Stevenson
|
0-0: Called Strike 0-1: Foul Ball, location: 2F 0-2: Strikes out swinging
|
Batting: LHB António Romo
|
0-0: Swinging Strike 0-1: Swinging Strike 0-2: Foul Ball, location: 2F 0-2: Foul Ball, location: 2F 0-2: Ball 1-2: Ball 2-2: Strikes out swinging, 2-3 out at first.
|
Bottom of the 10th over - 0 runs, 0 hits, 0 errors, 0 left on base; Houston 6 - District 9 4 |
|